 Dungeon Crawl Stone Soup version 0.23.2-33-g5129a83184 (webtiles) character file.

Game seed: 11293319242363759305

784 tomzorz67 the Chopper (level 7, -1/63 HPs)
             Began as a Minotaur Berserker on July 1, 2019.
             Was a Priest of Trog.
             Succumbed to an orc's poison
             ... on level 5 of the Dungeon.
             The game lasted 00:15:11 (3030 turns).

tomzorz67 the Chopper (Minotaur Berserker)          Turns: 3030, Time: 00:15:12

Health: -1/63      AC: 14    Str: 24    XL:     7   Next: 55%
Magic:  6/6        EV: 10    Int:  5    God:    Trog [***...]
Gold:   347        SH: 14    Dex: 15    Spells: 6/6 levels left

rFire    . . .     SeeInvis +   a - +0 hand axe
rCold    . . .     Gourm    .   x - +0 large shield
rNeg     . . .     Faith    .   z - +0 plate armour
rPois    .         Spirit   .   (helmet restricted)
rElec    .         Reflect  .   f - +0 cloak
rCorr    .         Harm     .   (no gloves)
MR       .....                  m - +0 pair of boots
Stlth    ..........             b - amulet of regeneration
HPRegen  0.60/turn              o - +2 ring of strength
MPRegen  0.10/turn              t - ring of see invisible

@: agile, lethally poisoned (-1 -> -16), berserk cooldown, slowed, very slow
A: retaliatory headbutt, horns 2
a: Berserk, Trog's Hand, Renounce Religion


You were on level 5 of the Dungeon.
You worshipped Trog.
Trog was most pleased with you.
You were not hungry.

You visited 1 branch of the dungeon, and saw 5 of its levels.

You collected 347 gold pieces.

Inventory:

Hand Weapons
 a - a +0 hand axe (weapon)
Armour
 f - a +0 cloak (worn)
 m - a +0 pair of boots (worn)
 x - a +0 large shield (worn)
 z - a +0 plate armour (worn)
Jewellery
 b - an amulet of regeneration (around neck)
 h - an uncursed ring of ice
 o - a +2 ring of strength (left hand)
 t - a ring of see invisible (right hand)
Scrolls
 d - 2 scrolls of teleportation
 g - a scroll of enchant weapon {unknown}
 i - 2 scrolls of identify
 j - 3 scrolls of remove curse
 k - a scroll of fear {unknown}
 n - a scroll of blinking {unknown}
 p - a scroll of random uselessness {unknown}
 q - a scroll of immolation {unknown}
 s - 2 scrolls of amnesia {unknown}
 y - a scroll of magic mapping {unknown}
Potions
 u - 2 potions of flight
 v - a potion of berserk rage
 w - 2 potions of might
Comestibles
 c - 4 rations


   Skills:
 + Level 6.1 Fighting
 + Level 6.2 Axes
 + Level 5.3 Armour
 + Level 4.8 Dodging
 + Level 2.3 Shields


You had 6 spell levels left.
You didn't know any spells.
Your spell library was empty.

Dungeon Overview and Level Annotations

Branches:
Dungeon (5/15)
 Temple: D:4-7

Altars:
Kikubaaqudgha
Ru
Xom

Shops:
D:4 :   D:5 =


Innate Abilities, Weirdness & Mutations

You reflexively headbutt those who attack you in melee.
You have a pair of horns on your head.


Message History

You feel very sick.
It was a potion of berserk rage.
A red film seems to cover your vision as you go berserk!
You feel yourself moving faster!
You feel mighty!
* * * LOW HITPOINT WARNING * * *
You feel very sick.
You are too berserk!
You feel a strong urge to attack something.
* * * LOW HITPOINT WARNING * * *
You feel sick.
Found a pair of boots.
You see here a +0 hand axe.
* * * LOW HITPOINT WARNING * * *
You feel sick.
You feel your anger nearly subside.
You are no longer berserk.
You are exhausted.
You feel yourself slow down.
* * * LOW HITPOINT WARNING * * *
You feel sick.
You die...

#.# #.# ### #.# #.# #.#
#.# #.# #.. #.# #.#
######.# #.#
.......#########.#######
..............))@>......
########.#.###)#.#######
#.#.# #.#... #.#.#
#.#.### #.#.# #.#.#
#.#.# #.#.# ########.#.#
#.#.# ......##.#.# #.#.[
......##.#.###.#


There were no monsters in sight!

Vanquished Creatures
  A water moccasin (D:5)
  A phantom (D:4)
  An ogre (D:4)
  A necrophage (D:5)
  A centaur (D:4)
  A crimson imp (D:5)
  A centaur zombie (D:5)
  A bullfrog skeleton (D:4)
  2 orc priests
  Terence (D:3)
  An orc wizard (D:5)
  A worker ant (D:4)
  5 adders
  A dart slug (D:1)
  5 leopard geckos
  3 orcs
  A ball python (D:2)
  4 bats
  5 giant cockroaches
  9 goblins
  5 hobgoblins
  5 jackals
  10 kobolds
  A quokka (D:2)
  9 frilled lizards
  3 rats
79 creatures vanquished.

Vanquished Creatures (others)
  A worm (D:4)
1 creature vanquished.

Grand Total: 80 creatures vanquished

Notes
Turn   | Place    | Note
-------+----------+-------------------------------------------
     0 | D:1      | tomzorz67 the Minotaur Berserker began the quest for the
                  | Orb.
     0 | D:1      | Reached XP level 1. HP: 19/19 MP: 0/0
    59 | D:1      | Reached XP level 2. HP: 27/27 MP: 1/1
   372 | D:1      | Reached XP level 3. HP: 31/33 MP: 2/2
   595 | D:2      | Reached ** piety under Trog
  1267 | D:3      | Reached XP level 4. HP: 41/41 MP: 3/3
  1657 | D:3      | Found an ancient bone altar of Kikubaaqudgha.
  1810 | D:3      | Noticed Terence
  1822 | D:3      | Killed Terence
  1898 | D:4      | Found a shimmering altar of Xom.
  1898 | D:4      | Noticed a phantom
  1911 | D:4      | Reached XP level 5. HP: 37/47 MP: 4/4
  1913 | D:4      | Noticed an ogre
  1928 | D:4      | Killed an ogre
  1928 | D:4      | Reached skill level 5 in Fighting
  1928 | D:4      | Reached skill level 5 in Axes
  1975 | D:4      | Killed a phantom
  1975 | D:4      | Reached XP level 6. HP: 48/56 MP: 5/5
  2225 | D:4      | Found Hiapleco's Book Boutique.
  2589 | D:5      | Entered Level 5 of the Dungeon
  2615 | D:5      | Noticed a water moccasin
  2623 | D:5      | Killed a water moccasin
  2623 | D:5      | Reached skill level 1 in Shields
  2623 | D:5      | Reached XP level 7. HP: 55/62 MP: 6/6
  2664 | D:5      | Found a sacrificial altar of Ru.
  2680 | D:5      | Reached *** piety under Trog
  2690 | D:5      | Reached skill level 5 in Armour
  2742 | D:5      | Found Zuvorphe's Jewellery Emporium.
  3029 | D:5      | HP: 1/63 [poisoned by an orc]
  3030 | D:5      | Succumbed to an orc's poison

Skill      XL: |  1  2  3  4  5  6  7 |
---------------+----------------------+-----
Axes           | 4 5 6 |  6.2
Fighting       | 4 5 6 |  6.1
Armour         | 3 4 5 |  5.3
Dodging        | 3 4 |  4.8
Shields        | 1 2 |  2.3

Action                   |  1- 3 |  4- 6 |  7- 9 || total
-------------------------+-------+-------+-------++-------
Melee: Hand axe          |    78 |    90 |    56 ||   224
       Headbutt          |     4 |    14 |     8 ||    26
Invok: Berserk           |       |     1 |       ||     1
  Use: Scroll            |       |     6 |     1 ||     7
       Potion            |       |     5 |     2 ||     7
 Stab: Invisible         |       |     1 |       ||     1
       Paralysed         |       |       |     1 ||     1
  Eat: Ration            |     1 |       |     1 ||     2
       Chunk             |       |     1 |       ||     1
Armor: Animal skin       |     1 |       |       ||     1
       Leather armour    |     2 |       |       ||     2
       Ring mail         |    21 |    23 |    11 ||    55
       Plate armour      |       |       |    20 ||    20
Dodge: Dodged            |    60 |    36 |     8 ||   104
Block: Large shield      |       |    33 |    33 ||    66
